[Event "Early-Titled-Tuesday-Blitz-January-30-2024"]
[Site "Chess.com"]
[Date "2024.01.30"]
[Round "6"]
[White "FM_VS99"]
[Black "AlexTruskavetsky"]
[Result "0-1"]
[WhiteElo "2549"]
[BlackElo "2695"]
[TimeControl "180+1"]
[EndTime "9:09:21 PST"]
[Termination "AlexTruskavetsky won by resignation"]

1. d4 Nf6 2. Nf3 e6 3. g3 d5 4. Bg2 Be7 5. O-O O-O 6. c4 dxc4 7. Qc2 a6 8. a4 Bd7 9. Qxc4 b5 10.
Qc2 Bc6 11. Bf4 Nd5 12. Bd2 Nb4 13. Qc1 Bb7 14. axb5 axb5 15. Na3 c6 16. Ne5 Nd5 17. e4 Nb6 18. Be3 N6d7 19. Rd1 Nxe5 20. dxe5 Qc8 21. Bc5 Bxc5 22. Qxc5 Nd7 23. Qd4 Rd8 24. Nc2 Rxa1 25. Nxa1 Kf8 26. Nb3 Ke8 27. Qc3 Nf8 28. Rd6 Qc7 29.
Bf1 Rxd6 30. exd6 Qxd6 31. Qxg7 b4 32. Qd4 Qxd4 33. Nxd4 Nd7 34. Nb3 Ke7 35. f3 Kd6 36. Kf2 c5 37. Ke3 Ne5 38. Na5 Kc7 39. h3 Bc8 40. f4 Nd7 41. Bc4 Nb6 42. Be2 Bb7 43. Nb3 Kd6 44. e5+ Kc6 45. g4 Nd5+ 46. Kf3 Kb6 47.
Kg3 Bc6 48. Nd2 Bb5 49. Bxb5 Kxb5 50. Ne4 c4 51. Kf3 c3 52. bxc3 bxc3 53. Nd6+ Kb4 54. Ke2 Kb3 55. Kd1 Kb2 56. Nc4+ Kb3 57. Nd6 Nxf4 58.
Ne4 Nxh3 0-1

[Event "Early-Titled-Tuesday-Blitz-January-30-2024"]
[Site "Chess.com"]
[Date "2024.01.30"]
[Round "6"]
[White "gm_rashid"]
[Black "topce"]
[Result "0-1"]
[WhiteElo "2524"]
[BlackElo "2394"]
[TimeControl "180+1"]
[EndTime "9:09:21 PST"]
[Termination "topce won on time"]

1. e4 e6 2. d4 d5 3. Nc3 Nf6 4.
e5 Nfd7 5. Nf3 c5 6. dxc5 Bxc5 7.
Bd3 Nc6 8. Bf4 h6 9. Bg3 g5 10. h3 a6 11. O-O h5 12. h4 g4 13. Ng5 Ndxe5 14. Re1 Qf6 15. Bf1 Bd7 16. Qe2 O-O-O 17. Bxe5 Nxe5 18. Nce4 dxe4 19. Nxe4 Bxf2+ 20. Qxf2 Qxf2+ 21. Kxf2 Ng6 22. g3 Bc6 23. Nf6 Rd2+ 24. Re2 Rd6 25. Ree1 Bf3 26. Ke3 e5 27. Ne4 Rd4 28. Bd3 f5 29.
Ng5 f4+ 30. Kf2 fxg3+ 31. Kxg3 Nf4 32. Bf5+ Kb8 33. Nxf3 gxf3 34. Rxe5 Rf8 35. Kxf3 Ng6 36. Rae1 Rf4+ 37. Kg3 R4xf5 38. Rxf5 Rxf5 39. Re6 Ne5 40. Rh6 Kc7 41. b3 a5 42. c4 b6 43. Kg2 Ng4 44. Kg3 b5 45. Ra6 bxc4 46. bxc4 Rc5 47. a4 Kb7 0-1

[Event "Early-Titled-Tuesday-Blitz-January-30-2024"]
[Site "Chess.com"]
[Date "2024.01.30"]
[Round "6"]
[White "Shushik"]
[Black "alekroth65"]
[Result "1-0"]
[WhiteElo "2530"]
[BlackElo "2365"]
[TimeControl "180+1"]
[EndTime "9:09:21 PST"]
[Termination "Shushik won by resignation"]

1. e4 d6 2. d4 Nf6 3. Nc3 g6 4.
f4 Bg7 5. Nf3 O-O 6. Bd3 Na6 7.
O-O c5 8. Bxa6 cxd4 9. Bd3 dxc3 10. bxc3 Qc7 11. Qe1 Be6 12. Nd4 Bc4 13. Kh1 Rac8 14. Bd2 a6 15. Nf3 Nd7 16. Qe2 Bxc3 17. Bxc3 Bxd3 18.
cxd3 Qxc3 19. Qe3 Nc5 20. Rad1 b5 21. f5 b4 22. Ng5 a5 23. Qh3 Qg7 24. d4 Na4 25. e5 h6 26. f6 exf6 27. exf6 Qh8 28. Ne4 d5 29. Nd6 Rc6 30. Nb7 Rxf6 31. Nxa5 Nc3 32. Rc1 Rxf1+ 33. Rxf1 Qxd4 34. Qxh6 Qa7 35. Nc6 Qc7 36. Nd4 Qe5 37. Nf3 Qg7 38. Qe3 Rb8 39. Nd4 Rd8 40. Nc6 Rf8 41. Ne7+ Kh8 42. Qh3+ Qh7 43.
Nxg6+ Kg7 44. Qxh7+ Kxh7 45. Nxf8+ Kg7 46. Nd7 d4 47. Nc5 Nxa2 48. Kg1 Nc3 49. Kf2 f5 50. Kf3 b3 51. Nxb3 Ne4 52. Nxd4 Nd2+ 53. Kf2 Nxf1 54. Nxf5+ Kf6 55. Kxf1 Kxf5 56. Kf2 Kg5 57. Kg3 Kf5 58. Kh4 Kg6 59. Kg4 Kh6 60. Kf5 Kg7 61. Kg5 Kf7 62. g3 1-0

[Event "Early-Titled-Tuesday-Blitz-January-30-2024"]
[Site "Chess.com"]
[Date "2024.01.30"]
[Round "6"]
[White "Ron_Weasley_Chess"]
[Black "Boundless_Strike"]
[Result "1/2-1/2"]
[WhiteElo "2438"]
[BlackElo "2629"]
[TimeControl "180+1"]
[EndTime "9:09:22 PST"]
[Termination "Game drawn by repetition"]

1. Nf3 d6 2. g3 e5 3. Bg2 f5 4. O-O Nf6 5. d3 Be7 6. c4 O-O 7. Nc3 Qe8 8. e3 Qh5 9. Nd2 Qg6 10. f4 exf4 11. exf4 d5 12. Nxd5 Bc5+ 13. Kh1 Nc6 14. Nb3 Bd6 15. c5 Be7 16. Nxc7 Rb8 17. d4 Bd8 18.
Nb5 Ne4 19. d5 Na5 20. Be3 Re8 21. Bd4 Qh6 22. Kg1 a6 23. Nc3 Nf6 24. Nxa5 Bxa5 25. Bxf6 Qxf6 26. Re1 Bd7 27. Qd3 g5 28. Qc4 gxf4 29.
Qxf4 Bxc3 30. bxc3 Qxc3 31. Qd6 Rxe1+ 32. Bf1 Qe3+ 33. Kg2 Rxa1 34. Qxb8+ Kg7 35. Qxb7 Qe4+ 36. Kg1 Qe3+ 37. Kg2 Qd2+ 38. Kh3 Qh6+ 39. Kg2 Qd2+ 40. Kh3 Rxf1 41. Qxd7+ Kg6 42. Qe8+ Kg7 43. Qe7+ Kg6 44. Qe8+ Kf6 45. Qe6+ Kg5 46. Qe7+ Kg6 47. Qe6+ Kh5 48.
Qf7+ Kh6 49. Qf6+ Kh5 50. Qf7+ Kh6 51. Qe6+ Kg7 52. Qe7+ Kg6 1/2-1/2

[Event "Early-Titled-Tuesday-Blitz-January-30-2024"]
[Site "Chess.com"]
[Date "2024.01.30"]
[Round "6"]
[White "Nikolakis2014"]
[Black "shimastream"]
[Result "1/2-1/2"]
[WhiteElo "2759"]
[BlackElo "3011"]
[TimeControl "180+1"]
[EndTime "9:09:23 PST"]
[Termination "Game drawn by repetition"]

1. Nf3 b5 2. d4 Bb7 3. g3 Nf6 4. Bg2 e6 5. O-O Be7 6. a4 b4 7.
Bg5 O-O 8. Nbd2 a5 9. c3 Na6 10. Nc4 Bd5 11. Nxa5 bxc3 12. bxc3 Nc5 13. c4 Bxf3 14.
Bxf3 Rxa5 15. dxc5 Bxc5 16. Bd2 Ra7 17. a5 Qe7 18.
Bc3 c6 19. Qd2 Rfa8 20. Rfb1 h6 21. Kg2 Ne8 22. Qf4 Qg5 23. Rb3 Nd6 24. Ra4 Qxf4 25. gxf4 Nb7 26. a6 Nd8 27. Ra5 Bd6 28. Be5 Bc7 29.
Bxc7 Rxc7 30. c5 Rca7 31. Rb6 f6 32. e3 Kf8 33. Be2 Ke7 34. Bc4 e5 35. Kf3 Ne6 36.
fxe5 fxe5 37. Bxe6 Kxe6 38. Ke4 g5 39. f3 Kf6 40. h3 Ke6 41. f4 exf4 42. exf4 gxf4 43.
Kxf4 Kf6 44. Ke4 Kg5 45. Ke5 Kh4 46. Ra3 Re8+ 47. Kf5 Kh5 48. Kf6 Re6+ 49. Kf5 Ra8 50. Kf4 Kh4 51. Kf3 Rf8+ 52. Kg2 Re2+ 53. Kg1 Re1+ 54.
Kg2 Re2+ 55. Kg1 Re1+ 56. Kg2 Re2+ 1/2-1/2

[Event "Early-Titled-Tuesday-Blitz-January-30-2024"]
[Site "Chess.com"]
[Date "2024.01.30"]
[Round "6"]
[White "ricaurtelopezj1955"]
[Black "Bkmzzzzz"]
[Result "1/2-1/2"]
[WhiteElo "2150"]
[BlackElo "2331"]
[TimeControl "180+1"]
[EndTime "9:09:23 PST"]
[Termination "Game drawn by repetition"]

1. e4 d6 2. d4 Nf6 3. Nc3 e5 4. dxe5 dxe5 5. Qxd8+ Kxd8 6. Bc4 Be6 7. Bxe6 fxe6 8.
Bg5 Bd6 9. f4 exf4 10. Nf3 h6 11. e5 hxg5 12. O-O-O g4 13. Ng5 Ke7 14. exd6+ cxd6 15. Nb5 Rh5 16. Nxe6 Kxe6 17. Nc7+ Kd7 18. Nxa8 Na6 19.
Rd4 Rh8 20. Rhd1 d5 21. Rxf4 Rxa8 22. h3 gxh3 23. gxh3 Kc6 24. Rg1 Nc5 25. Rf5 Rh8 26.
Rxg7 Nfe4 27. Rg6+ Kb5 28. Rf3 a5 29. b3 a4 30. Kb2 axb3 31. axb3 Rh4 32. Rg4 Rh5 33. h4 Ne6 34. c4+ Kc5 35. cxd5 Kxd5 36. Rd3+ Ke5 37. Rd7 N4c5 38. Rf7 Rh8 39. Rf3 Kd5 40. Rf5+ Kd6 41.
h5 Nd7 42. Rb5 b6 43. Rg6 Nf8 44. Rxb6+ Kc5 45. Rgxe6 Nxe6 46. Rxe6 Rxh5 47. Ka3 Kb5 48. Re4 Ka5 49. Rd4 Kb5 50. Re4 Rg5 51. Rd4 Re5 52. Rf4 Rd5 53. Re4 Ka5 54. Ra4+ Kb5 55. Rc4 Rh5 56. Rd4 Kc5 57. Rc4+ Kb5 58. Ra4 Rh3 59. Rc4 Rh5 1/2-1/2

[Event "Early-Titled-Tuesday-Blitz-January-30-2024"]
[Site "Chess.com"]
[Date "2024.01.30"]
[Round "6"]
[White "NtcPou"]
[Black "Maftuna2303"]
[Result "1-0"]
[WhiteElo "2070"]
[BlackElo "2419"]
[TimeControl "180+1"]
[EndTime "9:09:23 PST"]
[Termination "NtcPou won by resignation"]

1. e4 e5 2. Nf3 Nc6 3. Bc4 Bc5 4. c3 Nf6 5. d3 O-O 6. O-O d6 7. Re1 a6 8. Bb3 Ba7 9. Nbd2 Ne7 10. Kf1 Ng6 11. h3 Nh5 12. Kg1 Nhf4 13. Nf1 h5 14. d4 Qf6 15. Ng3 h4 16. Ne2 Nxh3+ 17.
Kf1 Nhf4 18. Nxf4 Nxf4 19. Bxf4 Qxf4 20. Qd2 Qf6 21. Rad1 h3 22. dxe5 hxg2+ 23. Kxg2 dxe5 24. Qg5 Qxg5+ 25. Nxg5 Bg4 26. f3 Bh5 27. Rd7 Bb6 28.
Red1 a5 29. a4 Be3 30. Nh3 Rac8 31. R1d5 Rfe8 32. Rxa5 c5 33. Bd5 b6 34. Raa7 Rf8 35. Re7 Rce8 36. Nf2 Rxe7 37. Rxe7 Rd8 38. Nd3 Bf4 39.
Nxe5 Rd6 40. c4 Rf6 41. Kf1 Bxe5 42. Rxe5 Bxf3 43. Ke1 Bh5 44. Re8+ Kh7 45. Rb8 g5 46. Rb7 g4 47. e5 Rf5 48. Be4 Bg6 49. Bxf5 Bxf5 50.
Rxf7+ Kg6 51. Rf6+ Kg5 52. Rxb6 g3 53. Kf1 Be4 54.
Kg1 Kf5 55. e6 g2 56. e7 1-0

[Event "Early-Titled-Tuesday-Blitz-January-30-2024"]
[Site "Chess.com"]
[Date "2024.01.30"]
[Round "6"]
[White "Aygehovit1992"]
[Black "DvaHrasta"]
[Result "1-0"]
[WhiteElo "2694"]
[BlackElo "2543"]
[TimeControl "180+1"]
[EndTime "9:09:25 PST"]
[Termination "Aygehovit1992 won on time"]

1. e4 c6 2. d4 d5 3. exd5 cxd5 4. Nf3 Nc6 5. Ne5 g6 6. Nxc6 bxc6 7. Bd3 Bg7 8. c3 Nf6 9. Nd2 a5 10. Nb3 O-O 11. O-O Nd7 12. Bf4 a4 13. Nc1 c5 14.
Bc2 cxd4 15. cxd4 a3 16. bxa3 Qb6 17. Be3 Rxa3 18. Bb3 Ba6 19. Re1 Bc4 20. Rb1 Qa6 21. h4 Nf6 22. Bd2 Bxb3 23. axb3 Ra1 24. Rxa1 Qxa1 25.
Ne2 Qb2 26. Bc3 Qa3 27. f3 Rc8 28. Bd2 Ne8 29. Be3 Nd6 30. Bf2 h5 31. Nf4 e6 32. Nd3 Nf5 33. Ne5 Rc3 34. Qe2 Qxb3 35. Nxf7 Nxd4 36. Bxd4 Bxd4+ 37. Kh2 Rc6 38. Ng5 Qb8+ 39.
g3 Qb6 40. Qg2 Bf6 41. f4 Bxg5 42. hxg5 Qc7 43. Re2 d4 44. Qe4 Qd7 45. Qxg6+ Kf8 46. Qf6+ Ke8 47. f5 d3 48. fxe6 Qe7 49. Qh8+ Qf8 50.
Qxh5+ Ke7 51. Ra2 Rc2+ 52. Rxc2 dxc2 53. Qh7+ 1-0

[Event "Early-Titled-Tuesday-Blitz-January-30-2024"]
[Site "Chess.com"]
[Date "2024.01.30"]
[Round "6"]
[White "bancsoo"]
[Black "LangesNasenhaar"]
[Result "1-0"]
[WhiteElo "2809"]
[BlackElo "2445"]
[TimeControl "180+1"]
[EndTime "9:09:26 PST"]
[Termination "bancsoo won by resignation"]

1. Nf3 g6 2. d4 Bg7 3. c4 b6 4. g3 Bb7 5. Bg2 Nf6 6. O-O e6 7.
Nc3 Ne4 8. Nxe4 Bxe4 9. Bg5 Qc8 10. Qd2 O-O 11. Bh6 d6 12. Qf4 Qb7 13. Qh4 Bxh6 14.
Qxh6 Bxf3 15. Bxf3 c6 16. d5 cxd5 17. cxd5 e5 18.
Rfc1 Qe7 19. e4 Nd7 20. Rc7 Rfc8 21. Rac1 Rxc7 22. Rxc7 Qd8 23. Rc6 Nb8 24. Rc3 Nd7 25.
Qc1 a5 26. Rc6 Nc5 27. Qc4 Rc8 28. Bg4 Rxc6 29. dxc6 Qc7 30. Qd5 Na6 31. a3 Nb8 32.
Qb3 Qxc6 33. Be2 Qxe4 34. Bc4 Qf5 35. Qxb6 Nd7 36. Qxd6 Nf6 37. Qd3 Qxd3 38. Bxd3 Nd5 39. Bc4 Nb6 40. Ba2 Kf8 41. Kf1 Ke7 42. Ke2 f5 43. b4 axb4 44. axb4 Kd6 45. Kd3 Kc6 46. Bg8 h6 47. Bh7 g5 48. Bxf5 Kb5 49. Ke4 Kxb4 50. Kxe5 Nc4+ 51. Kf6 Nd2 52. Kg7 Nf3 53. Kxh6 Nxh2 54.
Kxg5 Kc5 55. Be4 Kd4 56. Kf4 Nf1 57. g4 Nd2 58. f3 Nc4 59. g5 Nd6 60. g6 Ne8 61.
Kf5 Kc5 62. Ke6 Ng7+ 63. Kf7 Nh5 64. g7 Nxg7 65. Kxg7 1-0

[Event "Early-Titled-Tuesday-Blitz-January-30-2024"]
[Site "Chess.com"]
[Date "2024.01.30"]
[Round "6"]
[White "Iskusnyh"]
[Black "K_A_S_T_O_R"]
[Result "0-1"]
[WhiteElo "2667"]
[BlackElo "2910"]
[TimeControl "180+1"]
[EndTime "9:09:28 PST"]
[Termination "K_A_S_T_O_R won on time"]

1. d4 Nf6 2. c4 e6 3. g3 c5 4.
Nf3 cxd4 5. Nxd4 d5 6. Bg2 e5 7.
Nf3 d4 8. O-O Nc6 9. e3 Be7 10.
exd4 exd4 11. Bf4 Be6 12. Nbd2 O-O 13. Re1 Qb6 14. Qb3 Qa6 15. Qb5 Rac8 16. Qxa6 bxa6 17.
a3 a5 18. Ne5 Nxe5 19. Bxe5 Rfd8 20. Bb7 Rc5 21. Bxf6 gxf6 22. b4 Rc7 23. Bd5 Bxd5 24. cxd5 axb4 25. axb4 Bxb4 26. Red1 Rxd5 27. Ra6 Bxd2 28.
Rxd2 Kg7 29. Kg2 Rcd7 30. Kf3 d3 31. h4 h5 32. Ke3 Kg6 33. Kf3 Kf5 34. Ke3 R5d6 35.
Ra5+ Kg6 36. Kf3 Rd5 37. Ra6 Kf5 38. Ke3 Re5+ 39. Kf3 Re6 40. Ra5+ Kg6 41. Ra3 Red6 42. Ra5 a6 43. Ke3 Re7+ 44. Kf3 Re5 45. Ra4 Red5 46.
Ke4 a5 47. Ra3 Rd4+ 48. Ke3 a4 49. Ra1 Kf5 50. Kf3 R6d5 51. Ra3 Ke5 52. Ke3 Kd6 53. Ra1 Kc5 54. Raa2 Re5+ 55. Kf3 Kb5 56. Ra1 Red5 57. Raa2 Rb4 58. Ke3 Rb3 59. Ke4 Rd6 60. g4 Rb4+ 61. Kf5 Rxg4 62. Rdb2+ Rb4 63. Rd2 Rc4 64. f4 Rd5+ 65.
Kxf6 Rxf4+ 66. Kg7 Rxh4 67. Rdb2+ Rb4 68. Rd2 Rb3 0-1

[Event "Early-Titled-Tuesday-Blitz-January-30-2024"]
[Site "Chess.com"]
[Date "2024.01.30"]
[Round "6"]
[White "Manukyan_Artak"]
[Black "HamedWafa4"]
[Result "0-1"]
[WhiteElo "2611"]
[BlackElo "2802"]
[TimeControl "180+1"]
[EndTime "9:09:28 PST"]
[Termination "HamedWafa4 won by resignation"]

1. e4 e5 2. Nf3 Nc6 3. d4 exd4 4.
Nxd4 Bc5 5. Nxc6 bxc6 6. Bc4 Qh4 7. O-O Nf6 8. Qd2 O-O 9. Nc3 Nxe4 10. Nxe4 Qxe4 11. Bd3 Qh4 12. g3 Qf6 13. c3 d6 14. b4 Bb6 15. Be4 Bh3 16. Bg2 Bxg2 17. Kxg2 Rfe8 18. Bb2 Qf5 19. Rae1 h5 20. c4 h4 21. h3 a5 22. g4 Qd7 23. c5 Ba7 24. a3 axb4 25. axb4 f6 26. Qd3 Rad8 27. Rxe8+ Qxe8 28. Rd1 Qe6 29. Bc3 Kf7 30. Qf5 Qxf5 31. gxf5 Ke7 32.
Ra1 Bb8 33. Bd4 Kd7 34. Kf3 Re8 35. Ra8 Kc8 36. Ra1 Kb7 37. Ra3 Re1 38. Re3 Rxe3+ 39.
fxe3 Ka6 40. Bc3 Kb5 41. Be1 dxc5 42. bxc5 Kxc5 43. Bxh4 Kd5 44. e4+ Kc4 45. e5 fxe5 46. Ke4 c5 47. Kxe5 c6+ 48. Ke6 Kd3 49. f6 gxf6 50.
Bxf6 Bg3 51. h4 c4 52. h5 Bf4 53. Be5 Bxe5 54. Kxe5 c3 55. h6 c2 56. h7 c1=Q 57. h8=Q Qc5+ 58. Ke6 Qd5+ 59. Ke7 c5 60. Qh3+ Kd4 61.
Qh4+ Qe4+ 62. Qxe4+ Kxe4 63. Kd6 c4 64. Kc5 c3 65.
Kb4 c2 0-1

[Event "Early-Titled-Tuesday-Blitz-January-30-2024"]
[Site "Chess.com"]
[Date "2024.01.30"]
[Round "6"]
[White "Duhless"]
[Black "jcibarra"]
[Result "0-1"]
[WhiteElo "3080"]
[BlackElo "2872"]
[TimeControl "180+1"]
[EndTime "9:09:29 PST"]
[Termination "jcibarra won on time"]

1. Nf3 Nf6 2. c4 d6 3. Nc3 g6 4. e4 c5 5. d4 cxd4 6. Nxd4 Nc6 7.
Be2 Bg7 8. Be3 O-O 9. O-O Bd7 10. h3 Nxd4 11. Bxd4 a5 12. Qc2 Bc6 13. Rad1 Nd7 14.
Bxg7 Kxg7 15. Bg4 a4 16. Bxd7 Bxd7 17. Nd5 Be6 18. Qc3+ f6 19. Qb4 Qa5 20. Qa3 Kf7 21. Qe3 Kg7 22. Rfe1 Rf7 23. b4 axb3 24. axb3 Bxd5 25.
exd5 Qb4 26. h4 h5 27. Qd3 b5 28. Re3 bxc4 29. bxc4 Rc8 30. Rg3 f5 31. Rc1 Qb2 32. Re1 Rc7 33. Rg5 Rf6 34. Qg3 Kf7 35. Qe3 Qb4 36.
Qe2 Qxc4 37. Qxc4 Rxc4 38. Rg3 Rxh4 39. Rge3 Re4 40. Rxe4 fxe4 41. Rxe4 Rf5 42. Rd4 Kf6 43. f3 Re5 44. Kf2 g5 45. g3 e6 46. dxe6 Kxe6 47. Ra4 Rb5 48. Ra8 g4 49. fxg4 hxg4 50. Rf8 Rf5+ 0-1

[Event "Early-Titled-Tuesday-Blitz-January-30-2024"]
[Site "Chess.com"]
[Date "2024.01.30"]
[Round "6"]
[White "Evgeny81"]
[Black "ChessLebaneseSalah"]
[Result "0-1"]
[WhiteElo "2706"]
[BlackElo "2462"]
[TimeControl "180+1"]
[EndTime "9:09:30 PST"]
[Termination "ChessLebaneseSalah won by resignation"]

1. e4 c5 2. Nf3 d6 3. d4 cxd4 4.
Nxd4 Nf6 5. Nc3 Nc6 6. Bg5 e6 7. Qd2 a6 8. O-O-O Bd7 9. f4 Be7 10. Kb1 Qc7 11. g4 h5 12. gxh5 Nxh5 13. Bxe7 Kxe7 14. Rg1 Nxd4 15. Qxd4 Qc5 16. Qd2 Rad8 17.
Rg5 Qc7 18. Be2 g6 19. Bxh5 Rxh5 20. Rxh5 gxh5 21. f5 Rg8 22. Qh6 Qc5 23. f6+ Ke8 24. Nd5 exd5 25. Qg7 Rf8 26. exd5 Qe3 27. a3 Bf5 28. Qg2 Kd7 29. Qf1 Qe4 30. Rd2 Re8 31.
Ka2 Rc8 32. c3 Qc4+ 33. Qxc4 Rxc4 34. Rf2 Bg6 35. Re2 Rf4 36. Re7+ Kc8 37. Re8+ Kc7 38.
Re7+ Kb6 39. b4 Rxf6 40. a4 Rf2+ 41. Kb3 Bc2+ 42. Ka3 Bd3 43. Kb3 Ka7 44. Rd7 Bc2+ 45. Ka3 Rf6 46. c4 Be4 47. c5 Bxd5 48. cxd6 Bc6 49.
Rd8 Rf3+ 50. Kb2 Bxa4 51. Rf8 Rd3 52. Rd8 f5 53. Rf8 Rxd6 54. Rxf5 Rd2+ 55. Ka3 Bb5 56. Rxh5 Bc4 57. b5 a5 58. b6+ Ka6 0-1

[Event "Early-Titled-Tuesday-Blitz-January-30-2024"]
[Site "Chess.com"]
[Date "2024.01.30"]
[Round "6"]
[White "rasmussvane"]
[Black "GMRAVEN_ON_YOUTUBE"]
[Result "1/2-1/2"]
[WhiteElo "2967"]
[BlackElo "2779"]
[TimeControl "180+1"]
[EndTime "9:09:31 PST"]
[Termination "Game drawn - insufficient material"]

1. Nf3 f5 2. d3 Nc6 3. e4 e5 4. d4 fxe4 5. Nxe5 Nf6 6. Bc4 d5 7. Bb5 Bd7 8. c4 Bd6 9. Nxd7 Qxd7 10. cxd5 Bb4+ 11. Bd2 Bxd2+ 12. Qxd2 Nxd5 13. Nc3 O-O-O 14. O-O Nf6 15. d5 Nxd5 16. Nxe4 Qe6 17. Ng5 Qg6 18.
Bxc6 bxc6 19. f3 Rhe8 20. Ne4 Nf6 21. Qf2 Nxe4 22. fxe4 Rxe4 23. Qxa7 Rd2 24. Rf2 Red4 25. Re2 Rxe2 26. Qa6+ Kd7 27. Qxe2 Qd3 28. Re1 Qxe2 29. Rxe2 Rd1+ 30. Kf2 Ra1 31. b3 Kd6 32. Rc2 c5 33. Kf3 c4 34. bxc4 Kc5 35. h4 Kd4 36. Rd2+ Kc3 37.
Rd7 c5 38. Rxg7 Kxc4 39. Rxh7 Kd3 40. Rd7+ Kc3 41. h5 c4 42. g4 Kb2 43. h6 c3 44.
g5 Rxa2 45. h7 Ra8 46. g6 Rc8 47. Rb7+ Ka1 48. g7 c2 49. h8=Q c1=Q 50. g8=Q+ Rc3+ 51. Qxc3+ Qxc3+ 52. Kg4 Qd4+ 53. Kh5 Qd1+ 54. Kg6 Qg4+ 55. Kh7 Qe4+ 56. Qg6 Qxb7+ 57. Qg7+ Qxg7+ 58. Kxg7 1/2-1/2

[Event "Early-Titled-Tuesday-Blitz-January-30-2024"]
[Site "Chess.com"]
[Date "2024.01.30"]
[Round "6"]
[White "sokidze"]
[Black "LevonAronian"]
[Result "0-1"]
[WhiteElo "2857"]
[BlackElo "3099"]
[TimeControl "180+1"]
[EndTime "9:09:32 PST"]
[Termination "LevonAronian won by resignation"]

1. d4 Nf6 2. c4 g6 3. Nf3 Bg7 4. g3 O-O 5. Bg2 Nc6 6. O-O Rb8 7. Nc3 a6 8. d5 Na5 9. Qd3 b5 10. cxb5 axb5 11. b4 Nb7 12. Bf4 Nh5 13. Be3 Nd6 14.
Bc5 Ra8 15. Bd4 Ra3 16. e4 c6 17. Qc2 Bb7 18. dxc6 Bxc6 19. Rfd1 Qa8 20. Bxg7 Kxg7 21.
Nd4 Rc8 22. Qb2 Nc4 23. Qc1 Nf6 24. Ndxb5 Bxb5 25. Nxb5 Rxa2 26. Rxa2 Qxa2 27. Qb1 Qxb1 28. Rxb1 Nd2 29. Rd1 Rc2 30. Nd4 Rb2 31. Nf3 Ndxe4 32. Rd4 d6 33. h4 e5 34. Rd1 Rxb4 35. Ng5 d5 36. Nxe4 dxe4 37. Re1 h5 38. Kh2 e3 39. fxe3 Ng4+ 40. Kg1 Rb3 41. Bf3 Nxe3 42. Kf2 Nc4 43.
Bd5 Rb2+ 44. Kg1 Nd6 45. Bc6 Nf5 46. Rxe5 Nxg3 47. Bd5 Ne2+ 48. Kh1 Nf4 49. Bc4 Rb4 50. Ba2 Nd3 51. Re7 Rxh4+ 52. Kg2 Rf4 0-1

[Event "Early-Titled-Tuesday-Blitz-January-30-2024"]
[Site "Chess.com"]
[Date "2024.01.30"]
[Round "6"]
[White "Yushko_Olga"]
[Black "Cheer_Down"]
[Result "0-1"]
[WhiteElo "2170"]
[BlackElo "2464"]
[TimeControl "180+1"]
[EndTime "9:09:32 PST"]
[Termination "Cheer_Down won on time"]

1. d4 Nf6 2. c4 e6 3. Nc3 Bb4 4. Bd2 c5 5. dxc5 Bxc5 6. Nf3 d5 7. cxd5 exd5 8. e3 O-O 9. Be2 Nc6 10. O-O a6 11.
Rc1 Ba7 12. Na4 Qd6 13. a3 Bg4 14. b4 Ne4 15. Nd4 Bd7 16. Nb3 Rad8 17. Nac5 Bb8 18. f4 Bc8 19. Nxe4 dxe4 20. Bc3 Qg6 21. Nd4 Nxd4 22.
Bxd4 Ba7 23. Qc2 Bh3 24. Bh5 Qxh5 25. Bxa7 Bf5 26. Bd4 Rc8 27. Qb2 f6 28. Qb3+ Qf7 29.
Qb2 h5 30. Rc5 Rxc5 31. Bxc5 Rd8 32. Bd4 Rc8 33. Bc5 Qg6 34. Rd1 h4 35. Qf2 h3 36.
Qg3 Bg4 37. gxh3 Bh5 38. Qxg6 Bxg6 39. Rd7 b5 40. Rd6 Bf5 41. Rxa6 Kf7 42. Rb6 Bxh3 43. Rxb5 Rd8 44. Rb7+ Kg6 45. Kf2 Rd2+ 46. Kg3 Bf1 0-1

[Event "Early-Titled-Tuesday-Blitz-January-30-2024"]
[Site "Chess.com"]
[Date "2024.01.30"]
[Round "6"]
[White "Grischuk"]
[Black "MikaelyanArman"]
[Result "0-1"]
[WhiteElo "3068"]
[BlackElo "2853"]
[TimeControl "180+1"]
[EndTime "9:09:34 PST"]
[Termination "MikaelyanArman won on time"]

1. d4 d5 2. Nf3 Nf6 3. Bg5 Ne4 4.
Bh4 Bf5 5. e3 Nd7 6. c4 c6 7. Nbd2 Qb6 8. Qc1 e6 9. a3 h5 10. b4 f6 11. c5 Qd8 12. Nxe4 dxe4 13. Nd2 g5 14. Bg3 h4 15. Bd6 Bxd6 16. cxd6 Nb6 17. Qc2 Qxd6 18. Nxe4 Qe7 19. Bd3 h3 20. g3 Nd5 21. Nc5 Bxd3 22. Nxd3 Qh7 23. Rc1 Qe4 24. Rg1 a5 25. bxa5 Rxa5 26. Nc5 Qxc2 27. Rxc2 Rxa3 28.
Kd2 b6 29. Ne4 Kd7 30. Rgc1 Rc8 31. g4 Nb4 32. Rc4 Ra2+ 33. Kc3 Nd5+ 34. Kd3 Ra3+ 35.
Kd2 Ra2+ 36. Kd3 Rc7 37. Nd2 Ra3+ 38. Ke2 b5 39. Rc5 b4 40. Ne4 Ra2+ 41. R5c2 b3 42. Rd2 b2 43. Rb1 Nb4 44. Nc5+ Kd6 45. Rdxb2 Rxb2+ 46. Rxb2 Nd5 47. Ne4+ Ke7 48. Rc2 Kd7 49. Kf3 Ra7 50. Kg3 Ra1 51. Kxh3 Rg1 52. Ng3 Re1 53. Kg2 Rxe3 54. Ra2 Rb3 55. Ne2 Rb7 56. f3 Nb4 0-1

[Event "Early-Titled-Tuesday-Blitz-January-30-2024"]
[Site "Chess.com"]
[Date "2024.01.30"]
[Round "6"]
[White "flomarechot"]
[Black "ATM622"]
[Result "1-0"]
[WhiteElo "2351"]
[BlackElo "2454"]
[TimeControl "180+1"]
[EndTime "9:09:34 PST"]
[Termination "flomarechot won by resignation"]

1. Nf3 Nf6 2. b3 d6 3. d4 Nbd7 4. Bb2 g6 5. e3 Bg7 6. Be2 O-O 7.
O-O c5 8. c4 b6 9. Nc3 Bb7 10.
d5 a6 11. a4 Ne5 12. Nd2 e6 13.
f4 Ned7 14. e4 exd5 15. exd5 Re8 16. Bd3 Qe7 17. Re1 Qf8 18. Qf3 h5 19. h3 Rxe1+ 20.
Rxe1 Re8 21. Re2 Nh7 22. Kh2 Bd4 23. Nde4 f5 24. Nd2 h4 25. Nd1 Bf6 26. Bxf6 Ndxf6 27. Qf2 Rxe2 28. Bxe2 Qh6 29. Nb2 Nf8 30. Nd3 Ne4 31. Nxe4 fxe4 32. Ne1 g5 33. fxg5 Qxg5 34. Nc2 Ng6 35.
Ne3 Nf4 36. Bg4 Ng6 37. Nf5 Kh8 38. Qe3 Qxe3 39. Nxe3 Ne5 40. Be2 Bc8 41. Ng4 Nxg4+ 42. hxg4 Kg7 43. Kh3 Kh6 44. Kxh4 Bd7 45. g5+ Kg6 46.
Bg4 Be8 47. Bc8 b5 48. axb5 axb5 49. Kg4 bxc4 50. bxc4 e3 51. Bf5+ Kg7 52. Kf3 Ba4 53.
Kxe3 Bb3 54. Bd3 Ba2 55. Kf4 Bb3 56. Kf5 Bd1 57. Ke6 1-0

[Event "Early-Titled-Tuesday-Blitz-January-30-2024"]
[Site "Chess.com"]
[Date "2024.01.30"]
[Round "6"]
[White "ACollins05"]
[Black "scarabee43"]
[Result "0-1"]
[WhiteElo "2483"]
[BlackElo "2838"]
[TimeControl "180+1"]
[EndTime "9:09:35 PST"]
[Termination "scarabee43 won by resignation"]

1. d4 Nf6 2. c4 e6 3. Nf3 d5 4. g3 Be7 5. Bg2 O-O 6. O-O Nbd7 7. Nc3 b6 8. Qd3 Bb7 9. Rd1 c5 10. cxd5 exd5 11. Bg5 c4 12. Qd2 a6 13. Ne5 b5 14.
a3 Re8 15. Qf4 h6 16. Bxf6 Nxf6 17. h4 Bd6 18. Qf5 Qe7 19. Ng4 Nxg4 20. Qxg4 Qe6 21.
Qh5 Rad8 22. e3 Bf8 23. Ne2 g6 24. Qf3 h5 25. Nf4 Qf5 26. Bh3 Qf6 27. Bg2 Rd6 28. g4 Qxh4 29. gxh5 g5 30. Ne2 Bc8 31. Qg3 Qxh5 32.
Nf4 Qg4 33. Nxd5 Qxg3 34. fxg3 f5 35. Re1 Kf7 36. a4 Bb7 37. Nc7 Rb8 38. axb5 Bxg2 39. Kxg2 axb5 40. Na6 Rbb6 41. Nc5 Rd5 42. Ra7+ Kg8 43.
Nd7 Rbd6 44. Nxf8 Kxf8 45. Rf1 Re6 46. Kf2 f4 47. gxf4 gxf4 48. Re1 fxe3+ 49. Rxe3 Rf6+ 50.
Rf3 Rxf3+ 51. Kxf3 Rxd4 52. Rb7 Rd3+ 53. Ke4 Rb3 54. Ke5 Rxb2 55. Kf6 Ke8 56. Ke6 Kd8 57.
Kd6 Kc8 58. Rc7+ Kb8 59. Kc6 c3 60. Kb6 c2 61. Rh7 Kc8 62. Rc7+ Kd8 63. Rc5 b4 64.
Rd5+ Ke7 65. Rc5 b3 0-1

[Event "Early-Titled-Tuesday-Blitz-January-30-2024"]
[Site "Chess.com"]
[Date "2024.01.30"]
[Round "6"]
[White "Savagelittlemole"]
[Black "ChessSwole"]
[Result "1/2-1/2"]
[WhiteElo "2486"]
[BlackElo "2621"]
[TimeControl "180+1"]
[EndTime "9:09:35 PST"]
[Termination "Game drawn - insufficient material"]

1. e4 e5 2. Nf3 Nf6 3. Nc3 Nc6 4. Bb5 Bc5 5. O-O O-O 6. d3 d6 7. Bg5 h6 8. Bh4 Ne7 9. Bxf6 gxf6 10. Nh4 c6 11. Bc4 d5 12. Bb3 Kh7 13. Kh1 Rg8 14. exd5 cxd5 15. Qf3 Be6 16. Qxf6 Nc6 17. Qxd8 Raxd8 18.
f4 Rg4 19. f5 Bc8 20. g3 Nd4 21. Nxd5 Rxh4 22. gxh4 Nxb3 23. Nf6+ Kg7 24. Nh5+ Kf8 25. axb3 Bd7 26. Kg2 Bc6+ 27. Kh3 e4 28. dxe4 Bxe4 29. Rae1 Bxc2 30. f6 Rd3+ 31. Ng3 Bxb3 32. Rf5 Bb4 33. Re4 Bd6 34. Rh5 Be6+ 35. Rxe6 fxe6 36. Rxh6 Kf7 37. Rh7+ Kxf6 38. Rxb7 a5 39. h5 Rd5 40. h6 Bxg3 41.
h7 Rh5+ 42. Kg4 Rxh2 43. Kxg3 Rh1 44. Kf4 Rh4+ 45. Ke3 Kg6 46. Ra7 Rxh7 47. Rxa5 Rb7 48. Ra2 Kf5 49. Kd3 e5 50. Kc3 e4 51. b4 Kf4 52.
Kc4 e3 53. b5 Rd7 54. b6 Rd2 55. Ra8 e2 56. Rf8+ Kg5 57. Re8 Rb2 58. Kc5 Kf4 59. Kc6 Kf3 60. b7 Kf2 61. Rxe2+ Kxe2 62. Kc7 Kd3 63. b8=Q Rxb8 64. Kxb8 1/2-1/2